Description

ZvZ I had with nuero, he did a cool build ive never seen before.

Replay - ALLMIGHT v Eleven - Blackburn LE

Build Order

Get SALT Encoding   

  12  0:01  Drone  
  13  0:13  Overlord  
  13  0:17  Drone  
  14  0:31  Drone x2  
  16  0:49  Hatchery  
  15  0:52  Drone x2  
  17  1:00  Drone  
  18  1:10  Extractor  
  17  1:16  Spawning Pool  
  16  1:19  Drone x2  
  18  1:29  Drone  
  20  1:50  Overlord  
  20  2:05  Queen x2  
  30  2:36  Overlord  
  33  2:44  Queen  
  33  2:45  Lair  
  33  2:48  Overlord  
  36  3:04  Roach Warren  
  36  3:15  Evolution Chamber x2  
  41  3:37  Extractor x2  
  39  3:42  Zerg Missile Weapons Level 1  
  43  3:49  Glial Reconstitution  
  43  4:01  Roach x3  
  43  4:02  Queen  
  51  4:09  Overlord  
  51  4:27  Queen  
  51  4:29  Nydus Network  
  52  4:32  Overseer  
  52  4:36  Roach x2  
  59  4:42  Roach x2  
  63  4:48  Roach x2  
  67  4:58  Roach  
  75  5:21  Nydus Canal  
  75  5:34  Ravager  
  87  5:52  Queen  
  91  6:18  Ravager  
  92  6:21  Hatchery  
Spawning Tool Build Advisor. Get it on Overwolf

Analysis

I thought queens were coming over the highway but instead nydus through the main, and roaches on highway. It was fairly committed even though he took an expansion behind. If no damage was done would probably of resulted in a loss.

Go to:

Details

  • Created by: IIEleven11
  • Published on: Nov 07, 2021
  • Modified on: Nov 07, 2021
  • Patch: 4.11.0
  • Difficulty: Hard
Show
View Real Time Build Order
Export as new Build Order

Comments (0)

There are no comments. Be the first!

Create an account to comment!